 Dungeon Crawl Stone Soup version 0.29-a0-270-g1586fc07ea (webtiles) character file.

Game seed: 14758252356422898908

51 Hubjo the Skirmisher (level 3, -3/29 HPs)
             Began as a Demonspawn Abyssal Knight on Mar 7, 2022.
             Was a Believer of Lugonu.
             Slain by a black bear (4 damage)
             ... on level 4 of the Dungeon.
             The game lasted 00:02:31 (1033 turns).

Hubjo the Skirmisher (Demonspawn Abyssal Knight)    Turns: 1033, Time: 00:02:32

Health: -3/29      AC:  4    Str: 13    XL:     3   Next: 57%
Magic:  5/5        EV: 11    Int: 11    God:    Lugonu [**....]
Gold:   100        SH:  4    Dex: 15    Spells: 2/2 levels left

rFire   . . .      SeeInvis .   e - +2 war axe (venom)
rCold   . . .      Faith    .   (no shield)
rNeg    . . .      Spirit   .   b - +0 leather armour
rPois   .          Reflect  .   h - +0 helmet
rElec   .          Harm     .   (no cloak)
rCorr   .          Rampage  .   (no gloves)
Will    .....                   (no boots)
Stlth   +.........              d - amulet of regeneration
HPRegen 0.89/turn               (no ring)
MPRegen 0.09/turn               (no ring)

@: no status effects
A: hooves 1, condensation shield
a: Renounce Religion, Depart the Abyss, Bend Space


You were on level 4 of the Dungeon.
You worshipped Lugonu.
Lugonu was pleased with you.
You visited 1 branch of the dungeon, and saw 3 of its levels.
You visited the Abyss 1 time.

You collected 100 gold pieces.

Inventory:

Hand Weapons
 a - a +1 falchion
 e - a +2 war axe of venom (weapon)
 g - a +1 vorpal mace
Armour
 b - a +0 leather armour (worn)
 h - a +0 helmet (worn)
Jewellery
 d - an amulet of regeneration (around neck)
Scrolls
 c - 2 scrolls of teleportation {unknown}
 f - a scroll of blinking {unknown}
 j - a scroll of torment {unknown}
 l - a scroll of vulnerability {unknown}
Potions
 i - a potion of magic {unknown}
 k - 2 potions of curing {unknown}


   Skills:
 * Level 3.4 Fighting
 - Level 1.8 Long Blades
 + Level 0.7 Axes
 + Level 2.0 Armour
 * Level 1.6 Dodging
 * Level 3.3 Invocations


You had 2 spell levels left.
You didn't know any spells.
Your spell library contained the following spells:

 Spells                   Type           Power      Damage    Failure   Level
 Animate Skeleton         Necr           0%         N/A       41%         1
 Pain                     Necr           0%         1d4       41%         1
 Sandblast                Erth           0%         2d4       41%         1
 Passwall                 Tmut/Erth      0%         N/A       56%         2
 Sublimation of Blood     Necr           0%         N/A       56%         2
 Wereblood                Tmut           0%         N/A       56%         2
 Stone Arrow              Conj/Erth      0%         3d7       80%         3
 Vampiric Draining        Necr           0%         2d6       80%         3
 Summon Hydra             Summ           0%         N/A       100%        7


Dungeon Overview and Level Annotations

Branches:
Dungeon (2/15)

Altars:
Uskayaw


Innate Abilities, Weirdness & Mutations

You have large cloven feet.
A meltable shield of frost defends you. (SH +4)


Message History

The black bear claws you but does no damage. x2
You hit the black bear.
The black bear is poisoned.
You kick the black bear, but do no damage.
The black bear is lightly wounded.
You closely miss the adder. The adder misses you.
The black bear closely misses you. The black bear claws you. x2
The adder bites you. The black bear barely misses you.
The black bear misses you. The black bear claws you.
You barely miss the black bear. You kick the black bear.
The black bear is heavily wounded.
You slash the adder!
The adder is poisoned.
The adder bites you but does no damage. The adder bites you.
The black bear bites you. The black bear misses you.
The black bear claws you but does no damage.
You barely miss the adder.
The adder is almost dead.
You barely miss the black bear.
You kill the adder!
Lugonu accepts your kill. The black bear misses you.
The black bear claws you. x2
The black bear bites you. The black bear barely misses you. x2
You are too injured to fight recklessly!
You are too injured to fight recklessly!
You are too injured to fight recklessly!
You barely miss the black bear.
You kick the black bear, but do no damage.
The black bear is heavily wounded.
The black bear bites you.
The black bear claws you but does no damage.
The black bear closely misses you.
You barely miss the black bear.
The black bear is heavily wounded.
The black bear completely misses you.
The black bear claws you but does no damage. x2
The black bear bites you!
* * * LOW HITPOINT WARNING * * *
The black bear claws you.
* * * LOW HITPOINT WARNING * * *
The black bear claws you.
You die...

..................##
..<............_...#
...................##
#............#####.?##
.............#...#...#
.........##..#.((#..##
.............#####..#
...... #.........##
...... #......@.##
#.#.. ##....h†..# ..#
. #........# .....
#........# ......
#.###..... ..... ..
##...## .... . ##... #
. .... .


You could see a black bear (poisoned) and 2 dancing weapons.

Vanquished Creatures
  An iguana (D:4)
  An adder (D:4)
  A worm (D:2)
  An orc (D:2)
  2 ball pythons
  2 endoplasms
  3 hobgoblins
  A bat (D:2)
  3 rats
15 creatures vanquished.

Notes
Turn   | Place    | Note
-------+----------+-------------------------------------------
     0 | Abyss:1  | Hubjo the Demonspawn Abyssal Knight began the quest for the
                  | Orb.
     0 | Abyss:1  | Reached XP level 1. HP: 18/18 MP: 2/2
    10 | Abyss:1  | Noticed a centaur warrior skeleton
    16 | D:1      | Escaped the Abyss
   268 | D:1      | Reached skill level 1 in Dodging
   362 | D:1      | You fall into a shaft and drop 1 floor!
   432 | D:2      | Gained mutation: A meltable shield of frost defends you.
                  | (SH +4) [demonic ancestry]
   432 | D:2      | Reached XP level 2. HP: 24/24 MP: 4/4
   958 | D:2      | You fall into a shaft and drop 2 floors!
   975 | D:4      | Gained mutation: You have large cloven feet. [demonic
                  | ancestry]
   975 | D:4      | Reached XP level 3. HP: 28/29 MP: 5/5
  1012 | D:4      | Found a hide-covered altar of Uskayaw.
  1015 | D:4      | Noticed a +0 hand axe
  1017 | D:4      | Noticed a +0 hand axe
  1022 | D:4      | Noticed a black bear
  1033 | D:4      | HP: 1/29 [black bear (4)]
  1033 | D:4      | Slain by a black bear

Illustrated notes

Levels and vault maps discovered:
D:1:      dpeg_arrival_court, layout_loops_corners,
          ebering_ecumenical_altar_hall, serial_shops, nicolae_shop_waterfront,
          minmay_surrounded
D:2:      layout_basic, kennysheep_generic_room_11
D:4:      layout_cave_pools, amcnicky_altar_gilded, dancing_weapons_uskayaw

Skill      XL: |  1  2 |
---------------+-------+-----
Dodging        | 1 |  1.6
Armour         | 2 |  2.0
Invocations    | 3 |  3.3
Fighting       | |  3.4
Long Blades    | |  1.8
Axes           | |  0.7

Action                   || total
-------------------------++-------
Melee: War axe           ||    38
       Falchion          ||     5
       Kick              ||     3
Armor: Leather armour    ||    26
Dodge: Dodged            ||    35
Block: Other             ||     2

Table legend: (Time is in decaauts)
 A = Elapsed time spent in this place.
 B = Non-inter-level travel time spent in this place.
 C = Inter-level travel time spent in this place.
 D = Time resting spent in this place.
 E = Time spent auto-exploring this place.
 F = Levels seen in this place.
 G = Mean time per level.
                   A        B        C        D        E       F      G
               +--------+--------+--------+--------+--------+-----+--------+
         Total |   1050 |    991 |     59 |      0 |    817 |   4 |  262.5 |
       Dungeon |   1034 |    975 |     59 |      0 |    812 |   3 |  344.7 |
         Abyss |     16 |     16 |      0 |      0 |      5 |   1 |   16.0 |
               +--------+--------+--------+--------+--------+-----+--------+

Top non-repeatable levels by time:
     D:2: 607 daAuts
     D:1: 346 daAuts
     D:4: 80 daAuts
 Abyss:1: 16 daAuts
